 Dungeon Crawl Stone Soup version 0.26.0-10-g1f06aea511 (webtiles) character file.

Game seed: 8069547383975077268

217 sanka the Caller (level 5, -3/40 HPs)
             Began as a Ghoul Hedge Wizard on Jan 17, 2021.
             Slain by a centaur skeleton (8 damage)
             ... on level 4 of the Dungeon.
             The game lasted 00:08:37 (5709 turns).

sanka the Caller (Ghoul Hedge Wizard)               Turns: 5709, Time: 00:08:37

Health: -3/40      AC:  3    Str: 14    XL:     5   Next: 94%
Magic:  7/8        EV: 12    Int: 10    God:
Gold:   184        SH:  0    Dex:  8    Spells: 7/10 levels left

rFire    . . .     SeeInvis .   a - +1 whip (elec)
rCold    + . .     Faith    .   (no shield)
rNeg     + + +     Spirit   .   b - +0 robe
rPois    ∞         Reflect  .   o - +0 helmet
rElec    .         Harm     .   (no cloak)
rCorr    .         Rampage  .   (no gloves)
Will     .....                  (no boots)
Stlth    ++........             (no amulet)
HPRegen  0.00/turn              (no ring)
MPRegen  0.11/turn              (no ring)

@: no status effects
A: claws 1, cold resistance 1, negative energy resistance 3, inhibited
regeneration, torment resistance, unbreathing
a: no special abilities


You were on level 4 of the Dungeon.
You visited 1 branch of the dungeon, and saw 4 of its levels.

You collected 184 gold pieces.


Innate Abilities, Weirdness & Mutations

You thrive by killing the living.
You are immune to poison.
You have sharp fingernails.
Your flesh is cold resistant. (rC+)
You are immune to negative energy. (rN+++)
You do not regenerate when monsters are visible.
You are immune to unholy pain and torment.
You can survive without breathing.


   Skills:
 + Level 1.3 Fighting
 + Level 1.0 Maces & Flails
 - Level 1.7 Dodging
 - Level 2.1 Stealth
 - Level 3.0 Spellcasting
 - Level 1.0 Conjurations
 + Level 4.4 Summonings
 - Level 0.8 Translocations


You had 7 spell levels left.
You knew the following spells:

 Your Spells              Type           Power        Failure   Level
x - Call Imp              Summ           10%          7%          2
z - Magic Dart            Conj           12%          19%         1

Your spell library contained the following spells:

 Spells                   Type           Power        Failure   Level
 Blink                    Tloc           N/A          30%         2
 Slow                     Hex            1%           38%         2
 Conjure Flame            Conj/Fire      2%           56%         3
 Mephitic Cloud           Conj/Pois/Air  2%           58%         3

Inventory:

Hand Weapons
 a - a +1 whip of electrocution (weapon)
 l - a +2 dagger of freezing
 v - a +0 dagger
Missiles
 m - 17 sling bullets
Armour
 b - a +0 robe (worn)
 o - a +0 helmet (worn)
Jewellery
 k - an uncursed ring of ice
Scrolls
 c - 3 scrolls of amnesia
 d - a scroll of fear {unknown}
 n - a scroll of immolation {!r}
 q - a scroll of teleportation {unknown}
 r - 3 scrolls of remove curse
 s - 3 scrolls of identify {@r1}
 t - a scroll of fog {unknown}
 u - a scroll of blinking {unknown}
 w - a scroll of magic mapping {unknown}
Potions
 e - a potion of lignification {unknown}
 f - a potion of flight {unknown}
 g - a potion of degeneration {unknown}
 h - a potion of haste {unknown}
 i - a potion of brilliance {unknown}
 j - 2 potions of curing {unknown}
 p - 2 potions of heal wounds {unknown}

Dungeon Overview and Level Annotations

Branches:
Dungeon (4/15)
 Temple: D:4-7

Altars:
Cheibriados
Dithmenos

Shops:
D:4

[ )..........▒...▒ ▒..▒
...▒ ...▒..........▒▒
▒..▒..▒. ..
▒........▒.▒▒▒▒....▒ .
▒▒......▒▒........▒▒ ..
▒......▒▒..▒▒▒..▒▒▒▒ ...
▒......▒▒..▒▒▒......
...▒▒................▒▒▒
...▒...▒.▒▒....▒....▒▒
▒..........▒.▒▒n...▒▒▒▒▒▒
▒.........▒▒...Z........▒
▒.........▒...........!.▒
▒.▒.......▒.▒▒..........▒
▒▒.▒.........▒▒.W........▒
...▒.......▒.▒▒..........▒
▒▒......▒.▒▒.▒▒..........▒
▒▒........▒..▒▒..........▒
▒▒.......▒▒.▒▒▒............


You could see a phantom and a centaur skeleton.


Message History

Your white imp hits the worker ant.
Your white imp freezes the worker ant.
Your crimson imp closely misses the worker ant.
The worker ant barely misses you.
You hit the worker ant.
The worker ant is almost dead.
Your white imp barely misses the worker ant.
The worker ant barely misses you.
Your crimson imp hits the worker ant but does no damage.
You hit the worker ant.
Lightning courses through the worker ant!
You kill the worker ant!
Your Maces & Flails skill increases to level 1!
Unknown command.
Unknown command.
Your crimson imp hits the phantom but does no damage.
The phantom blinks!
Your crimson imp hits the phantom.
Your crimson imp closely misses the phantom.
The phantom blinks!
The phantom blinks!
The phantom blinks!
The phantom blinks!
You hear the hiss of a distant avalanche of sand.
Found a dark potion.
A centaur skeleton comes into view.
The centaur skeleton hits you.
* * * LOW HITPOINT WARNING * * *
The centaur skeleton hits you!
You die...

Action                   |  1- 3 |  4- 6 || total
-------------------------+-------+-------++-------
Melee: Unarmed           |    50 |    19 ||    69
       Dagger            |     1 |    42 ||    43
       Whip              |       |    14 ||    14
 Fire: Hunting sling     |    35 |       ||    35
 Cast: Magic Dart        |    79 |    82 ||   161
       Call Imp          |     2 |    11 ||    13
  Use: Scroll            |     4 |       ||     4
Armor: Robe              |    19 |    28 ||    47
Dodge: Dodged            |    55 |    79 ||   134

Levels and vault maps discovered:
D:1:      dpeg_arrival_radiant, layout_loops_ring, kennysheep_pointless_box
D:2:      layout_loops_corners, chequers_ecumenical_altar_grove,
          serial_bayou_pond_b, nicolae_dithmenos_shadow_blocks
D:3:      minmay_spotlight, layout_loops_ring, nicolae_overflow_crystal_walls,
          minmay_goblin_kobold_house, uniq_ijyb
D:4:      layout_rooms, serial_shops, nicolae_shop_behind_doors, enter_ossuary_2

Notes
Turn   | Place    | Note
-------+----------+-------------------------------------------
     0 | D:1      | sanka the Ghoul Hedge Wizard began the quest for the Orb.
     0 | D:1      | Reached XP level 1. HP: 14/14 MP: 3/3
   137 | D:1      | Reached skill level 1 in Conjurations
   332 | D:1      | Reached skill level 3 in Spellcasting
   384 | D:1      | Reached skill level 1 in Summonings
   384 | D:1      | Reached XP level 2. HP: 20/20 MP: 0/5
  1113 | D:2      | Reached skill level 2 in Summonings
  1174 | D:2      | Reached XP level 3. HP: 26/26 MP: 0/6
  1252 | D:2      | Learned a level 2 spell: Call Imp
  2725 | D:2      | Found a shadowy altar of Dithmenos.
  2735 | D:2      | Reached skill level 3 in Summonings
  2744 | D:2      | Reached XP level 4. HP: 33/33 MP: 2/7
  3131 | D:2      | Found a faded altar of an unknown god.
  3403 | D:3      | Noticed Ijyb
  3624 | D:2      | Found a shadowy altar of Dithmenos.
  3730 | D:2      | Found a faded altar of an unknown god.
  3991 | D:2      | Killed Ijyb
  4425 | D:3      | Reached XP level 5. HP: 28/38 MP: 0/8
  4526 | D:3      | Found a snail-covered altar of Cheibriados.
  4552 | D:3      | Reached skill level 4 in Summonings
  5522 | D:4      | Reached skill level 1 in Fighting
  5550 | D:4      | Noticed a phantom
  5631 | D:4      | Found Seustros's Antique Armour Shop.
  5668 | D:4      | Reached skill level 1 in Maces & Flails
  5709 | D:4      | Slain by a centaur skeleton

Vanquished Creatures
  A scorpion (D:4)
  A worker ant (D:4)
  3 adders
  2 oozes
  3 worms (D:2)
  2 dart slugs
  4 leopard geckos
  3 orcs
  A giant cockroach (D:3)
  10 goblins
  8 hobgoblins
  10 kobolds
  2 quokkas
  13 bats
  6 frilled lizards
  8 rats
77 creatures vanquished.

Vanquished Creatures (collateral kills)
  Ijyb (D:2)
  A leopard gecko (D:2)
  A bat (D:2)
  A frilled lizard (D:4)
  A kobold (D:2)
5 creatures vanquished.

Grand Total: 82 creatures vanquished

Table legend: (Time is in decaauts)
 A = Elapsed time spent in this place.
 B = Non-inter-level travel time spent in this place.
 C = Inter-level travel time spent in this place.
 D = Time resting spent in this place.
 E = Time spent auto-exploring this place.
 F = Levels seen in this place.
 G = Mean time per level.
                   A        B        C        D        E       F      G
               +--------+--------+--------+--------+--------+-----+--------+
         Total |   5720 |   5515 |    205 |   2445 |   2237 |   4 | 1430.0 |
       Dungeon |   5720 |   5515 |    205 |   2445 |   2237 |   4 | 1430.0 |
               +--------+--------+--------+--------+--------+-----+--------+

Top non-repeatable levels by time:
     D:2: 2945 daAuts
     D:3: 1498 daAuts
     D:1: 1063 daAuts
     D:4: 213 daAuts
